 Dungeon Crawl Stone Soup version 0.26.0-45-g9c1d065592 (webtiles) character file.

Game seed: 16299622861543976134

62954 KamiKatze the Eclecticist (level 14, -4/74 HPs)
             Began as a Deep Elf Conjurer on Jan 31, 2021.
             Was a High Priest of Vehumet.
             Hit by a large rock thrown by a cyclops (17 damage)
             ... on level 14 of the Dungeon.
             The game lasted 02:10:20 (21049 turns).

KamiKatze the Eclecticist (Deep Elf Conjurer)      Turns: 21049, Time: 02:10:20

Health: -4/74      AC:  7    Str:  4    XL:     14   Next: 66%
Magic:  25/44      EV: 13    Int: 35    God:    Vehumet [*****.]
Gold:   963        SH: 10    Dex: 13    Spells: 6/43 levels left

rFire    + . .     SeeInvis +   a - +1 dagger
rCold    . . .     Faith    .   o - +0 buckler
rNeg     . . .     Spirit   .   E - +0 robe of the Desert {rPois rF+}
rPois    +         Reflect  +   D - +2 helmet {SInv}
rElec    .         Harm     .   V - +0 cloak
rCorr    .         Rampage  .   F - +0 pair of gloves
Will     +....                  (no boots)
Stlth    ++........             y - amulet of reflection
HPRegen  0.22/turn              w - ring of magical power
MPRegen  0.29/turn              S - +6 ring of intelligence

@: marked
A: no striking features
a: Renounce Religion


You were on level 14 of the Dungeon.
You worshipped Vehumet.
Vehumet was extremely pleased with you.
You visited 3 branches of the dungeon, and saw 21 of its levels.

You collected 1285 gold pieces.
You spent 322 gold pieces at shops.

Inventory:

Hand Weapons
 a - a +1 dagger (weapon)
Missiles
 f - 290 stones
 x - 2 curare-tipped darts (quivered)
 C - 25 poisoned darts
 M - 7 datura-tipped darts
Armour
 o - a +0 buckler (worn)
 D - a +2 helmet of see invisible (worn)
 E - the +0 robe of the Desert (worn) {rPois rF+}
   (You found it on level 7 of the Dungeon)

   It protects you from fire.
   It protects you from poison.
 F - a +0 pair of gloves (worn)
 V - a +0 cloak (worn)
Magical Staves
 r - an uncursed staff of air
 B - an uncursed staff of cold
Jewellery
 d - an uncursed ring of willpower
 m - an uncursed ring of resist corrosion
 q - a +4 ring of evasion
 w - a ring of magical power (left hand)
 y - an amulet of reflection (around neck)
 Q - an uncursed ring of poison resistance
 S - a +6 ring of intelligence (right hand)
 X - an uncursed ring of see invisible
Wands
 e - a wand of paralysis (17)
 t - a wand of flame (59)
 J - a wand of iceblast (14)
 O - a wand of random effects (47)
Scrolls
 c - 4 scrolls of teleportation
 i - 3 scrolls of fog
 l - 7 scrolls of remove curse
 u - 2 scrolls of blinking
 A - a scroll of amnesia
 T - a scroll of enchant armour
 W - a scroll of magic mapping
Potions
 b - 2 potions of lignification
 g - 3 potions of cancellation
 h - 10 potions of attraction
 j - 6 potions of curing
 k - 3 potions of haste
 p - 3 potions of heal wounds
 s - a potion of mutation
 v - a potion of invisibility
 z - a potion of ambrosia {unknown}
 G - a potion of might {unknown}
 H - 2 potions of flight
 I - 2 potions of magic
 N - a potion of resistance {unknown}
 P - a potion of berserk rage {unknown}
 U - a potion of brilliance
Miscellaneous
 K - a condenser vane
 L - a phantom mirror
 R - a lightning rod (4/4)


   Skills:
 + Level 3.0 Fighting
 - Level 3.0 Dodging
 - Level 3.0 Stealth
 - Level 4.0 Shields
 * Level 15.2 Spellcasting
 * Level 13.6 Conjurations
 + Level 10.0 Hexes
 - Level 9.0 Translocations
 - Level 4.0 Transmutations
 * Level 9.6 Fire Magic
 * Level 10.5 Earth Magic
 * Level 8.1 Poison Magic


You had 6 spell levels left.
You knew the following spells:

 Your Spells              Type           Power        Failure   Level
a - Magic Dart            Conj           100%         0%          1
b - Searing Ray           Conj           100%         0%          2
c - Fulminant Prism       Conj/Hex       41%          1%          4
d - Iskenderun's Mystic   Conj/Tloc      82%          1%          4
e - Fireball              Conj/Fire      41%          1%          5
f - Olgreb's Toxic Radia  Pois           70%          1%          4
g - Ignite Poison         Fire/Tmut/Pois 67%          1%          3
h - Iron Shot             Conj/Erth      42%          1%          6
i - Foxfire               Conj/Fire      100%         0%          1
j - Orb of Destruction    Conj           44%          1%          7

Your spell library contained the following spells:

 Spells                   Type           Power        Failure   Level
 Conjure Ball Lightning   Conj/Air       32%          4%          6
 Animate Skeleton         Necr           52%          1%          1
 Beastly Appendage        Tmut           100%         1%          1
 Freeze                   Ice            100%         1%          1
 Pain                     Necr           100%         1%          1
 Sting                    Tmut/Pois      100%         1%          1
 Blink                    Tloc           N/A          1%          2
 Poisonous Vapours        Pois/Air       100%         1%          2
 Wereblood                Tmut           53%          1%          2
 Confusing Touch          Hex            77%          1%          3
 Conjure Flame            Conj/Fire      82%          1%          3
 Dazzling Flash           Conj/Hex       100%         1%          3
 Frozen Ramparts          Ice            52%          1%          3
 Gell's Gravitas          Tloc           37%          1%          3
 Inner Flame              Hex/Fire       77%          1%          3
 Lesser Beckoning         Tloc           37%          1%          3
 Mephitic Cloud           Conj/Pois/Air  67%          1%          3
 Spider Form              Tmut/Pois      31%          1%          3
 Teleport Other           Tloc           74%          1%          3
 Hailstorm                Conj/Ice       65%          1%          4
 Passage of Golubria      Tloc           N/A          1%          4
 Petrify                  Tmut/Erth      67%          1%          4
 Sticky Flame             Conj/Fire      82%          1%          4
 Bolt of Magma            Conj/Fire/Erth 40%          1%          5
 Iskenderun's Battlesphe  Conj           89%          1%          5
 Yara's Violent Unravell  Hex/Tmut       33%          1%          5
 Ozocubu's Armour         Ice            26%          4%          3
 Vampiric Draining        Necr           13%          4%          3
 Metabolic Englaciation   Hex/Ice        29%          4%          5
 Ice Form                 Ice/Tmut       40%          6%          4
 Blade Hands              Tmut           26%          8%          5
 Animate Dead             Necr           13%          14%         4
 Summon Ice Beast         Ice/Summ       26%          14%         4
 Agony                    Necr           26%          38%         5
 Spellforged Servitor     Conj/Summ      32%          19%         7


Dungeon Overview and Level Annotations

Branches:
Dungeon (14/15)            Temple (1/1) D:4            Lair (6/6) D:9
 Shoals (0/4) Lair:3       Spider (0/4) Lair:2        Slime (0/5) Lair:5
    Orc (0/2) D:11
 Vaults: D:13-14

Altars:
Ashenzari
Cheibriados
Dithmenos
Elyvilon
Fedhas
Gozag
Hepliaklqana
Kikubaaqudgha
Makhleb
Nemelex Xobeh
Okawaru
Qazlal
Ru
Sif Muna
Trog
Uskayaw
Vehumet
Wu Jian
Xom
Yredelemnul
Zin
The Shining One
Jiyva

Shops:
D:4 [[[[}   D:6 :   D:9 *   D:10 :   D:13 }[[

Portals:
Trove: D:10 (give 10 potions of heal wounds)

Annotations:
Lair:3 exclusion: 3 oklob plants
Lair:6 Come Back!


Message History

The unseen horror is knocked back by the mystic blast.
The unseen horror slams into the rock wall!
You block the unseen horror's attack. The unseen horror barely misses you.
Casting: Iskenderun's Mystic Blast (safe; 1% risk of failure)
Confirm with . or Enter, or press ? or * to list all spells.
Aiming: Fireball (safe; 1% risk of failure)
Press: ? - help, Shift-Dir - straight line, f - cyclops
Aim: a cyclops, quivering 4 large rocks The fireball explodes!
The fireball engulfs the cyclops!!
The cyclops is severely wounded.
The unseen horror barely misses you. You block the unseen horror's attack.
The cyclops throws a large rock.
The large rock hits you!!
* * * LOW HITPOINT WARNING * * *
The unseen horror misses you. The unseen horror hits you!
* * * LOW HITPOINT WARNING * * *
The unseen horror hits you.
* * * LOW HITPOINT WARNING * * *
The cyclops throws a large rock.
The large rock hits you!
You die...

####.#########........
............h.........
..........########.###
########.)# # #c.# #.Y#
#..########.#
########..x........#
..........@.......
..................
###............###
#............#
#.........)..#
#########.(.....)C...####
.........................
#........................
#..#############..#######


You could see a centaur warrior, a cyclops, a yak and an unseen horror
(invisible).

Vanquished Creatures
  A sphinx (D:11)
  Frances (D:13)
  12 hydras
  A catoblepas (Lair:4)
  9 two-headed ogres
  Urug (D:11)
  A tengu warrior (D:11)
  2 unseen horrors (D:11)
  Pikel (D:9)
  3 ugly things
  A manticore (D:14)
  5 cyclopes
  11 elephants
  Maurice (D:13)
  A black mamba (Lair:5)
  3 gargoyles
  16 cane toads
  A torpor snail (Lair:5)
  A cane toad (shapeshifter) (D:12)
  A centaur skeleton (D:14)
  2 ice devils (Lair:1)
  6 komodo dragons
  4 rime drakes
  A yaktaur (D:11)
  8 trolls
  15 blink frogs
  5 polar bears
  7 dream sheep (Lair:4)
  A wraith (D:10)
  49 yaks
  5 wyverns
  6 basilisks
  A steam dragon (D:11)
  4 soldier ants
  8 water moccasins
  A floating eye (Lair:3)
  7 orc warriors
  5 black bears
  A sky beast (D:11)
  5 ogres
  2 phantoms
  3 necrophages
  9 centaurs
  8 wolves
  A big kobold (D:8)
  A wyvern zombie (D:9)
  20 bullfrogs
  3 wyvern skeletons
  7 scorpions
  11 killer bees
  3 vampire bats (D:4)
  4 wights (D:14)
  2 howler monkeys (D:10)
  7 jellies
  2 quasits
  2 centaur zombies
  2 bullfrog zombies
  15 orc wizards
  5 orc priests
  4 bullfrog skeletons
  4 hounds
  2 iguanas
  14 worker ants
  A killer bee zombie (D:7)
  Robin (D:3)
  A howler monkey zombie (D:9)
  8 gnolls
  12 adders
  A shadow imp (D:5)
  3 white imps
  An ooze (D:2)
  3 worms
  4 dart slugs
  8 leopard geckos
  44 orcs
  A ball python (D:2)
  3 bat skeletons (D:4)
  2 bat zombies (D:4)
  2 giant cockroaches
  9 goblins
  7 hobgoblins
  16 jackals
  6 quokkas
  3 bats
  4 frilled lizards
  A jackal skeleton (D:4)
  9 kobolds
  A leopard gecko zombie (D:5)
  2 quokka zombies (D:7)
498 creatures vanquished.

Vanquished Creatures (others)
  A bush (Lair:3)
  44 foxfires
  207 fulminant prisms
  47 fungi
  50 plants
349 creatures vanquished.

Grand Total: 847 creatures vanquished

Notes
Turn   | Place    | Note
-------+----------+-------------------------------------------
     0 | D:1      | KamiKatze the Deep Elf Conjurer began the quest for the
                  | Orb.
     0 | D:1      | Reached XP level 1. HP: 10/10 MP: 6/6
   621 | D:1      | Reached XP level 2. HP: 15/15 MP: 6/8
   652 | D:1      | Learned a level 2 spell: Searing Ray
   698 | D:2      | Found a shimmering altar of Xom.
   911 | D:2      | Reached XP level 3. HP: 19/19 MP: 3/10
  1073 | D:2      | Found a hazy altar of Hepliaklqana.
  1240 | D:2      | Reached skill level 4 in Spellcasting
  1278 | D:2      | Reached skill level 5 in Conjurations
  1327 | D:2      | Reached XP level 4. HP: 10/24 MP: 4/12
  1489 | D:3      | Learned a level 4 spell: Fulminant Prism
  1494 | D:3      | Learned a level 4 spell: Iskenderun's Mystic Blast
  1737 | D:3      | Noticed Robin
  1742 | D:3      | Killed Robin
  1752 | D:3      | Reached skill level 1 in Hexes
  1952 | D:3      | Reached XP level 5. HP: 28/28 MP: 7/14
  2052 | D:3      | Reached skill level 1 in Translocations
  2262 | D:4      | Found Umeh Yxa's Armour Boutique.
  2291 | D:4      | Noticed a phantom
  2391 | D:4      | Reached skill level 5 in Spellcasting
  2493 | D:4      | Found a staircase to the Ecumenical Temple.
  2502 | Temple   | Entered the Ecumenical Temple
  2593 | D:4      | Reached XP level 6. HP: 33/33 MP: 10/15
  2680 | D:4      | Found Atteug Revu's Armour Boutique.
  2819 | D:4      | Found Dicus's Armour Emporium.
  2857 | D:4      | Found Usitypp's Gadget Shoppe.
  2900 | D:4      | Found a snail-covered altar of Cheibriados.
  2932 | D:4      | Found an ancient bone altar of Kikubaaqudgha.
  2939 | D:4      | Reached skill level 1 in Fighting
  3150 | D:4      | Found Ruef's Antique Armour Boutique.
  3268 | D:4      | Reached XP level 7. HP: 29/38 MP: 9/17
  3327 | D:5      | Entered Level 5 of the Dungeon
  3336 | D:5      | Reached skill level 6 in Spellcasting
  3389 | D:5      | Found a sparkling altar of Nemelex Xobeh.
  4368 | D:6      | Noticed a troll
  4375 | D:6      | Found Cuureotah's Book Shop.
  4834 | D:6      | Killed a troll
  4835 | D:6      | Reached XP level 8. HP: 44/44 MP: 8/20
  5057 | D:7      | Reached skill level 5 in Hexes
  5125 | D:7      | Reached skill level 7 in Spellcasting
  5300 | D:7      | Found a stormy altar of Qazlal.
  5660 | D:7      | Noticed a two-headed ogre
  5704 | D:7      | Killed a two-headed ogre
  5705 | D:7      | Reached skill level 8 in Spellcasting
  5705 | D:7      | Reached skill level 5 in Translocations
  5705 | D:7      | Reached XP level 9. HP: 35/48 MP: 1/23
  5978 | D:7      | Got a steaming robe
  5990 | D:7      | Identified the cursed +0 robe of the Desert {rPois rF+}
                  | (You found it on level 7 of the Dungeon)
  6226 | D:8      | Noticed a two-headed ogre
  6328 | D:8      | Killed a two-headed ogre
  6329 | D:8      | Reached skill level 9 in Spellcasting
  6408 | D:8      | Reached skill level 1 in Shields
  6464 | D:8      | Found a white marble altar of Elyvilon.
  7247 | D:9      | Learned a level 5 spell: Iskenderun's Battlesphere
  7252 | D:9      | Learned a level 4 spell: Olgreb's Toxic Radiance
  7256 | D:9      | Learned a level 3 spell: Ignite Poison
  7260 | D:9      | Reached XP level 10. HP: 53/53 MP: 14/25
  7262 | D:9      | Noticed Pikel
  7268 | D:9      | Killed Pikel
  7269 | D:9      | Reached skill level 1 in Transmutations
  7322 | D:9      | Found a radiant altar of Vehumet.
  7327 | D:9      | Became a worshipper of Vehumet
  7329 | D:9      | Found a staircase to the Lair.
  7407 | D:9      | Noticed a two-headed ogre
  7541 | D:9      | Killed a two-headed ogre
  7542 | D:9      | Reached skill level 1 in Fire Magic
  7542 | D:9      | Reached skill level 1 in Poison Magic
  7549 | D:9      | Noticed a six-headed hydra
  7570 | D:9      | Found Gozag's Platinum Reserve.
  7666 | D:9      | Reached skill level 10 in Spellcasting
  7769 | D:9      | Found a runed translucent door.
  7794 | D:9      | Noticed a gargoyle
  7828 | D:9      | Killed a gargoyle
  7957 | D:9      | Learned a level 6 spell: Iron Shot
  8038 | D:9      | Found an opulent altar of Gozag.
  8063 | D:9      | Killed a six-headed hydra
  8064 | D:9      | Reached skill level 1 in Earth Magic
  8159 | D:9      | Reached * piety under Vehumet
  8159 | D:9      | Offered knowledge of Foxfire by Vehumet.
  8217 | D:9      | Noticed a cyclops
  8388 | D:9      | Killed a cyclops
  8522 | D:9      | Noticed a four-headed hydra
  8546 | D:9      | Killed a four-headed hydra
  8547 | D:9      | Reached XP level 11. HP: 57/57 MP: 0/27
  8554 | D:9      | Learned a level 1 spell: Foxfire
  8602 | D:9      | Noticed a green ugly thing
  8626 | D:9      | Killed a green ugly thing
  8968 | D:10     | Entered Level 10 of the Dungeon
  9191 | D:10     | Found a portal to a secret trove of treasure.
  9332 | D:10     | Noticed a two-headed ogre
  9343 | D:10     | Killed a two-headed ogre
  9344 | D:10     | Reached skill level 10 in Conjurations
  9768 | D:10     | Found Afioprun's Book Shoppe.
  9787 | D:11     | Reached skill level 11 in Spellcasting
  9790 | D:11     | Noticed Urug
  9940 | D:11     | Noticed a two-headed ogre
  9945 | D:11     | Killed a two-headed ogre
  9946 | D:11     | Killed an unseen horror
  9947 | D:11     | Noticed a tengu warrior
  9949 | D:11     | Noticed an eight-headed hydra
  9953 | D:11     | Killed a tengu warrior
  9954 | D:11     | Reached skill level 5 in Poison Magic
 10079 | D:11     | Reached ** piety under Vehumet
 10079 | D:11     | Offered knowledge of Sandblast by Vehumet.
 10198 | D:11     | Noticed a cyan ugly thing
 10241 | Lair:1   | Entered Level 1 of the Lair of Beasts
 10630 | D:11     | Reached skill level 5 in Earth Magic
 10750 | D:10     | Reached XP level 12. HP: 54/62 MP: 19/29
 10853 | D:11     | Noticed a five-headed hydra
 11197 | Lair:1   | Offered knowledge of Frozen Ramparts by Vehumet.
 11309 | Lair:1   | Noticed an eight-headed hydra
 11470 | Lair:1   | Killed an eight-headed hydra
 11471 | Lair:1   | Reached skill level 12 in Spellcasting
 11589 | Lair:1   | Reached *** piety under Vehumet
 11832 | Lair:1   | Learned a level 5 spell: Fireball
 12075 | Lair:1   | Reached skill level 10 in Hexes
 12230 | Lair:1   | Offered knowledge of Stone Arrow by Vehumet.
 12604 | Lair:2   | Found a hole to the Spider Nest.
 13421 | Lair:3   | Noticed a six-headed hydra
 13427 | Lair:3   | Killed a six-headed hydra
 13432 | Lair:3   | Reached skill level 5 in Fire Magic
 13437 | Lair:3   | Noticed a five-headed hydra
 13484 | Lair:3   | Found a staircase to the Shoals.
 13620 | Lair:3   | Killed a five-headed hydra
 13792 | Lair:3   | Reached skill level 13 in Spellcasting
 13815 | Lair:3   | Noticed an eight-headed hydra
 13828 | Lair:3   | Killed an eight-headed hydra
 14139 | Lair:3   | Got a jewelled falchion
 14140 | Lair:3   | Identified the cursed +1 falchion of Proximity {vorpal,
                  | *Drain Dex+4} (You found it on level 3 of the Lair of
                  | Beasts)
 14158 | Lair:3   | Paralysed by a floating eye for 3 turns
 14215 | Lair:3   | Reached XP level 13. HP: 52/53 MP: 20/32
 14724 | Lair:4   | Reached **** piety under Vehumet
 14856 | Lair:4   | Offered knowledge of Airstrike by Vehumet.
 16352 | Lair:5   | Found a staircase to the Slime Pits.
 16353 | Lair:5   | Found a viscous altar of Jiyva.
 16380 | Lair:5   | Reached skill level 14 in Spellcasting
 16619 | Lair:5   | Reached ***** piety under Vehumet
 17451 | Lair:6   | Entered Level 6 of the Lair of Beasts
 17486 | Lair:6   | Reached XP level 14. HP: 72/72 MP: 20/34
 18007 | D:9      | Offered knowledge of Conjure Ball Lightning by Vehumet.
 18079 | D:11     | Noticed a sphinx
 18234 | D:11     | Killed a sphinx
 18354 | D:11     | Killed Urug
 18513 | D:11     | Found a staircase to the Orcish Mines.
 19313 | D:12     | Reached skill level 10 in Earth Magic
 19851 | D:13     | Reached skill level 15 in Spellcasting
 19857 | D:13     | Found Vomuav's Gadget Shop.
 19992 | D:13     | Noticed Maurice
 20002 | D:13     | Killed Maurice
 20189 | D:13     | Found Woapnaps's Armour Shop.
 20279 | D:13     | Found Arruton's Armour Shoppe.
 20336 | D:13     | Bought a +2 helmet of see invisible for 322 gold pieces
 20444 | D:13     | Noticed Frances
 20448 | D:13     | Killed Frances
 20720 | D:14     | Learned a level 7 spell: Orb of Destruction
 21049 | D:14     | Hit by a large rock thrown by a cyclops

Illustrated notes

Levels and vault maps discovered:
D:1:      lightli_arrival_noodles, layout_basic, minmay_misc_feat_pillars
D:2:      layout_loops_ring, overflow_temple_1_default,
          nzn_hepliaklqana_mist_gate
D:3:      layout_loops_cross, uniq_robin
D:4:      layout_loops_ring, kennysheep_vampire_church, kennysheep_slug_shrine,
          minmay_temple_entry_crystal_x, serial_shops, shop,
          nicolae_shop_crystal, shop, shop, shop_fountains
D:5:      layout_basic, nemelex_altar_shiori, minivault_26, minmay_small_thing
D:6:      layout_loops_corners, serial_shops, shop_statue,
          mrwooster_statue_mirror
D:7:      layout_loops_ring, nicolae_overflow_crystal_walls
D:8:      layout_basic, elyvilon_altar_1
D:9:      minmay_the_grid_triangle_9x9_rhombus_thin_mashed
          [minmay_the_grid_triangle_9x9_zippers_vertical,
          minmay_the_grid_triangle_9x9_prize_insulated,
          minmay_the_grid_triangle_9x9_alien,
          minmay_the_grid_triangle_9x9_subtriangle], layout_basic,
          overflow_temple_1_default, nicolae_gozag_zags_fifth_avenue,
          lair_entry_dummy, uniq_pikel
D:10:     layout_rooms, serial_shops, shop, nicolae_trove_entry_free_sample
D:11:     nzn_winding_woodlands_small [nzn_winding_woodlands_5x15_sidewinder,
          nzn_winding_woodlands_center_pierced_h,
          nzn_winding_woodlands_5x15_eye], layout_cave_pools, orc_0_dummy,
          evilmike_butchery, uniq_urug
D:12:     layout_roguey
D:13:     layout_basic, serial_shops, shop,
          nicolae_shop_competitors_out_of_business, nicolae_shop_waterfront,
          uniq_maurice, uniq_frances
D:14:     layout_long_grid, lightli_vaults_fourway_checkpoint,
          chequers_arboretum, minmay_misc_feat_enclosed
Temple:   nicolae_temple_god_jail
Lair:1:   layout_chaotic_city, portal_ice_cave_demonic_guard, serial_rivers,
          chequers_serial_rivers_room_b, chequers_serial_rivers_micro_b,
          chequers_serial_rivers_micro_e, chequers_serial_rivers_micro_c,
          chequers_serial_rivers_micro_e, gammafunk_lair_bear_cave,
          grunt_megastairs_4
Lair:2:   layout_cellular_growth, spider_nest_entry_web_field
Lair:3:   layout_gridlike, elwin_shoals_entry_rocks, disabler_island,
          serial_bayou_shore_b
Lair:4:   layout_long_grid
Lair:5:   layout_layer_cave, slime_altar_1, beast_lair_carwin_2,
          grunt_megastairs_5
Lair:6:   grunt_lair_end_beastmaster, layout_long_grid,
          chequers_serial_rivers_micro_c, minivault_24

Skill      XL: |  1  2  3  4  5  6  7  8  9 10 11 12 13 14 |
---------------+-------------------------------------------+-----
Dodging        | 3 |  3.0
Stealth        | 3 |  3.0
Spellcasting   | 4 5 6 8 9 10 11 13 14 15 | 15.2
Conjurations   | 5 6 8 9 10 11 12 13 | 13.6
Hexes          | 1 2 3 4 7 8 9 10 | 10.0
Translocations | 1 2 4 5 6 7 8 9 |  9.0
Fighting       | 1 2 3 |  3.0
Shields        | 3 4 |  4.0
Transmutations | 3 4 |  4.0
Fire Magic     | 3 4 5 8 9 |  9.6
Poison Magic   | 3 5 7 8 |  8.1
Earth Magic    | 2 5 7 9 10 | 10.5

Action                   |  1- 3 |  4- 6 |  7- 9 | 10-12 | 13-15 || total
-------------------------+-------+-------+-------+-------+-------++-------
Melee: Dagger            |       |     4 |     2 |       |     1 ||     7
       Staff             |       |       |       |     4 |     1 ||     5
 Cast: Magic Dart        |    35 |    43 |    61 |    19 |     9 ||   167
       Searing Ray       |     7 |    27 |    40 |    35 |    19 ||   128
       Fulminant Prism   |       |       |    18 |   129 |    60 ||   207
       Iskenderun's Myst |       |       |     5 |    39 |    38 ||    82
       Ignite Poison     |       |       |       |    10 |    30 ||    40
       Olgreb's Toxic Ra |       |       |       |     9 |    34 ||    43
       Fireball          |       |       |       |     9 |    42 ||    51
       Iron Shot         |       |       |       |       |    30 ||    30
       Foxfire           |       |       |       |       |    26 ||    26
  Use: Scroll            |       |       |       |    23 |     6 ||    29
       Potion            |       |       |       |       |     2 ||     2
 Stab: Sleeping          |       |     1 |     1 |       |     1 ||     3
Armor: Robe              |       |    10 |     4 |     5 |    20 ||    39
Dodge: Dodged            |     7 |    23 |    23 |    27 |    48 ||   128
Block: Buckler           |       |       |       |    12 |    29 ||    41
       Reflection        |       |       |       |       |    10 ||    10
